 Dungeon Crawl Stone Soup version 0.27.1-3-gb3d3a73c9e (webtiles) character file.

Game seed: 15420478196731409770

104 Descartes the Covert (level 4, 0/23 HPs)
             Began as a Spriggan Delver on Oct 18, 2021.
             Shot with an arrow by a centaur (4 damage)
             ... on level 9 of the Dungeon.
             The game lasted 00:01:12 (111 turns).

Descartes the Covert (Spriggan Delver)               Turns: 111, Time: 00:01:12

Health: 0/23       AC:  2    Str:  9    XL:     4   Next: 52%
Magic:  5/5        EV: 17    Int: 11    God:
Gold:   0          SH:  0    Dex: 16    Spells: 3/3 levels left

rFire    . . .     SeeInvis +   a - +0 short sword
rCold    . . .     Faith    .   (shield restricted)
rNeg     . . .     Spirit   .   b - +0 robe
rPois    .         Reflect  .   (helmet restricted)
rElec    .         Harm     .   (no cloak)
rCorr    .         Rampage  .   (gloves unavailable)
Will     .....                  (boots unavailable)
Stlth    ++++......             (no amulet)
HPRegen  0.07/turn              (no ring)
MPRegen  0.09/turn              (no ring)

@: very quick
A: very small, no large weapons, unfitting armour, see invisible, speed 3
a: no special abilities


You were on level 9 of the Dungeon.
You visited 1 branch of the dungeon, and saw 3 of its levels.

Inventory:

Hand Weapons
 a - a +0 short sword (weapon)
Armour
 b - a +0 robe (worn)
Wands
 g - a wand of digging (3)
 h - a wand of paralysis (2)
 i - a wand of flame (15)
Scrolls
 c - a scroll of fog
 d - a scroll of magic mapping
 e - a scroll of fear
Potions
 f - a potion of haste


   Skills:
 - Level 2.7 Fighting
 + Level 2.6 Short Blades
 + Level 3.1 Dodging
 * Level 9.2 Stealth
 - Level 0.2 Evocations


You had 3 spell levels left.
You didn't know any spells.
Your spell library contained the following spells:

 Spells                   Type           Power      Damage    Failure   Level
 Summon Guardian Golem    Hex/Summ       0%         N/A       71%         3
 Orb of Destruction       Conj           0%         N/A       100%        7
 Spellforged Servitor     Conj/Summ      0%         N/A       100%        7


Dungeon Overview and Level Annotations

Branches:
Dungeon (6/15)
 Temple: D:4-7

Altars:


Innate Abilities, Weirdness & Mutations

You are very small and have problems with some larger weapons.
You are too small for most types of armour.
You have supernaturally acute eyesight. (SInv)
You cover ground extremely quickly. (Speed+++)


Message History

Press: ? - help, Shift-Dir - straight line, f/p - orc warrior
Aim: an orc warrior, wielding a +0 flail and wearing a +0 plate armour (chance to affect: 46%)
The orc warrior resists with some effort.
Aiming: Paralyse
Press: ? - help, Shift-Dir - straight line, f/p - orc warrior
Aim: an orc warrior, wielding a +0 flail and wearing a +0 plate armour (chance to affect: 46%)
The orc warrior suddenly stops moving!
The helpless orc warrior fails to defend itself.
You puncture the orc warrior!
The orc warrior is heavily wounded.
The helpless orc warrior fails to defend itself.
You impale the orc warrior!!
You kill the orc warrior!
Your Dodging skill increases to level 3!
Your Stealth skill gained 2 levels and is now at level 9!
You have reached level 3!
Your experience leads to an increase in your attributes!
Increase (S)trength, (I)ntelligence, or (D)exterity?
You feel stronger.
You have reached level 4!
Found an iron wand.
i - a wand of flame (15)
Found a stone staircase leading down.
A centaur comes into view.
Found a stone staircase leading up.
A howler monkey zombie comes into view.
The centaur wields a +0 shortbow.
The centaur shoots an arrow.
The arrow misses you.
The centaur shoots an arrow.
The arrow misses you.
The centaur unwields a +0 shortbow.
The centaur hits you. The centaur misses you.
You are too injured to fight recklessly!
You are too injured to fight recklessly!
The centaur hits you.
* * * LOW HITPOINT WARNING * * *
The centaur kicks you.
* * * LOW HITPOINT WARNING * * *
The centaur wields a +0 shortbow.
The centaur shoots an arrow.
The arrow hits you.
You die...

#... ..........#
#..# #....####..#
#..# #....####..# #
#..###..........#
#.##.W........ ....
#.........>. ....
#####.##c.###.#
#...
..............#
...#
#.##..@Z.###.#.#
#### #..#..# #.#.#
#... #..#..# #.#..
.... ##.#..# #.#.#
#.## #.#..# #.#.#
#.## #.#..# #.#.#
#.##
#.#..###.o.#####.##
#. #.##..........##
####o#####.##


You could see a shadow, a centaur and a howler monkey zombie.

Vanquished Creatures
  An orc warrior (D:9)
  An adder (D:6)
2 creatures vanquished.

Notes
Turn   | Place    | Note
-------+----------+-------------------------------------------
     0 | D:5      | Descartes the Spriggan Delver began the quest for the Orb.
     0 | D:5      | Reached XP level 1. HP: 11/11 MP: 2/2
     7 | D:6      | Noticed a phantom
     9 | D:6      | Reached XP level 2. HP: 16/16 MP: 3/3
     9 | D:6      | Noticed a steam dragon
    21 | D:6      | Noticed an ogre
    23 | D:6      | Noticed a water moccasin
    25 | D:6      | You fall into a shaft and drop 3 floors!
    26 | D:9      | Noticed a shadow
    36 | D:9      | Noticed an orc warrior
    92 | D:9      | Killed an orc warrior
    93 | D:9      | Reached skill level 9 in Stealth
    93 | D:9      | Reached XP level 3. HP: 10/19 MP: 4/4
    93 | D:9      | Reached XP level 4. HP: 13/23 MP: 5/5
   105 | D:9      | Noticed a centaur
   111 | D:9      | Shot with an arrow by a centaur

Illustrated notes

Levels and vault maps discovered:
D:5:      layout_loops_ring, cheibrodos_sewer_entry_bend, serial_glass,
          glass_columns_c, glass_columns_c, hangedman_minor_gate_pass
D:6:      layout_loops_cross
D:9:      layout_basic, david_orc_3

Skill      XL: |  1  2 |
---------------+-------+-----
Dodging        | 3 |  3.1
Stealth        | 9 |  9.2
Fighting       | |  2.7
Short Blades   | |  2.6
Evocations     | |  0.2

Action                   |  1- 3 |  4- 6 || total
-------------------------+-------+-------++-------
Melee: Short sword       |     8 |       ||     8
Evoke: Wand              |     3 |       ||     3
 Stab: Sleeping          |     1 |       ||     1
       Paralysed         |     2 |       ||     2
Dodge: Dodged            |     3 |     3 ||     6
